 Dungeon Crawl Stone Soup version 0.27-a0-988-g25969acef8 (webtiles) character file.

Game seed: 14082774782125499109

410 Lugonue the Chopper (level 6, -5/49 HPs)
             Began as a Mummy Berserker on Apr 15, 2021.
             Was a Believer of Trog.
             Slain by a black bear (8 damage)
             ... on level 4 of the Dungeon.
             The game lasted 00:08:55 (5297 turns).

Lugonue the Chopper (Mummy Berserker)               Turns: 5297, Time: 00:08:56

Health: -5/49      AC:  6    Str: 20    XL:     6   Next: 58%
Magic:  6/6        EV: 10    Int:  9    God:    Trog [**....]
Gold:   244        SH:  0    Dex: 11    Spells: 5/5 levels left

rFire    x . .     SeeInvis .   a - +1 hand axe
rCold    + . .     Faith    .   (no shield)
rNeg     + + +     Spirit   .   e - +0 scale mail
rPois    ∞         Reflect  .   (no helmet)
rElec    .         Harm     .   (no cloak)
rCorr    .         Rampage  .   (no gloves)
Will     .....                  (no boots)
Stlth    ..........             (no amulet)
HPRegen  0.16/turn              (no ring)
MPRegen  0.10/turn              (no ring)

@: no status effects
A: cold resistance 1, negative energy resistance 3, torment resistance 2,
unbreathing 1, heat vulnerability 1, no potions
a: Renounce Religion, Trog's Hand


You were on level 4 of the Dungeon.
You worshipped Trog.
Trog was pleased with you.
You visited 1 branch of the dungeon, and saw 5 of its levels.

You collected 244 gold pieces.

Inventory:

Hand Weapons
 a - a +1 hand axe (weapon)
Armour
 b - a +1 animal skin
 e - a +0 scale mail (worn)
Jewellery
 c - a ring of positive energy
 d - a +6 ring of dexterity
 j - a +6 ring of strength
Wands
 i - a wand of polymorph (9) (quivered)
Scrolls
 f - a scroll of brand weapon {unknown}
 g - a scroll of identify
 h - 3 scrolls of magic mapping
 k - a scroll of enchant armour


   Skills:
 + Level 4.5 Fighting
 + Level 4.6 Axes
 + Level 2.1 Armour
 + Level 2.7 Dodging
 + Level 1.0 Stealth


You had 5 spell levels left.
You didn't know any spells.
Your spell library was empty.

Dungeon Overview and Level Annotations

Branches:
Dungeon (5/15)
 Temple: D:4-7

Altars:
Dithmenos
Ru
Uskayaw
Wu Jian
Yredelemnul

Shops:
D:2 (   D:3 ?


Innate Abilities, Weirdness & Mutations

You are immune to poison.
Your flesh is cold resistant. (rC+)
You are immune to negative energy. (rN+++)
You are immune to unholy pain and torment.
You can survive without breathing.
You are vulnerable to heat. (rF-)
You do not drink.


Message History

The black bear bites you.
The black bear claws you but does no damage.
The black bear claws you.
You hit the black bear but do no damage.
The black bear is heavily wounded.
The black bear bites you.
The black bear claws you but does no damage.
The black bear claws you.
You slash the black bear!
The black bear is almost dead.
The black bear barely misses you.
The black bear claws you but does no damage.
The black bear closely misses you.
You barely miss the black bear.
The black bear is almost dead.
The black bear goes berserk!
The black bear bites you.
The black bear claws you but does no damage.
The black bear closely misses you. The black bear misses you.
The black bear claws you. The black bear closely misses you.
The black bear closely misses you. The black bear barely misses you. x2
The black bear bites you! The black bear claws you. x2
* * * LOW HITPOINT WARNING * * *
You feel the effects of Trog's Hand fading.
The black bear bites you.
* * * LOW HITPOINT WARNING * * *
The black bear barely misses you. The black bear closely misses you.
The black bear barely misses you.
The black bear claws you but does no damage. x2
You fail to use your ability.
The black bear closely misses you. The black bear claws you.
* * * LOW HITPOINT WARNING * * *
The black bear claws you.
* * * LOW HITPOINT WARNING * * *
The black bear completely misses you. The black bear barely misses you.
The black bear claws you.
* * * LOW HITPOINT WARNING * * *
Your skin stops crawling.
You feel less strong-willed. The black bear bites you!
You die...

##.##.##.##.....##.).#
###.........##!..#####.#
...#######.####+######.#
#.## #..........##.#
..###############.#.##.#
.>...........# #.#.##.#
...##........# #......#
...##.......<####h..(..#
.#...........##.@....#.#
#####........##.#.#..#.#
...##........##.#....#.#
#...........##.#....#.#
#.############.#......#
#.# #.###..### #.#
#......# ##.# #####.##
...############ #.#


You could see a black bear (berserk).

Vanquished Creatures
  Menkaure (D:4)
  2 hounds
  5 orc wizards (D:4)
  3 adders
  A worm (D:3)
  A dart slug (D:1)
  12 orcs
  A ball python (D:4)
  5 bats
  4 endoplasms
  5 giant cockroaches
  9 goblins
  5 hobgoblins
  5 jackals
  A quokka (D:2)
  A frilled lizard (D:1)
  7 kobolds
  6 rats
74 creatures vanquished.

Notes
Turn   | Place    | Note
-------+----------+-------------------------------------------
     0 | D:1      | Lugonue the Mummy Berserker began the quest for the Orb.
     0 | D:1      | Reached XP level 1. HP: 18/18 MP: 1/1
   162 | D:1      | Reached XP level 2. HP: 17/24 MP: 2/2
   737 | D:1      | Found a faded altar of an unknown god.
  1379 | D:2      | Reached XP level 3. HP: 20/29 MP: 3/3
  1582 | D:2      | Reached ** piety under Trog
  2090 | D:2      | Found Ruivayb's Weapon Shoppe.
  2969 | D:3      | Found a hide-covered altar of Uskayaw.
  2992 | D:3      | Reached XP level 4. HP: 36/36 MP: 4/4
  3214 | D:3      | Found an ornate altar of the Wu Jian Council.
  3344 | D:3      | Found Pubbus's Magic Scroll Boutique.
  3654 | D:3      | Found a sacrificial altar of Ru.
  4147 | D:4      | Reached XP level 5. HP: 31/42 MP: 5/5
  4240 | D:4      | Found a shadowy altar of Dithmenos.
  4251 | D:4      | Noticed Menkaure
  4259 | D:4      | Killed Menkaure
  4260 | D:4      | Reached skill level 1 in Stealth
  4260 | D:4      | Reached XP level 6. HP: 18/48 MP: 6/6
  5105 | D:4      | Found a basalt altar of Yredelemnul.
  5220 | D:5      | Entered Level 5 of the Dungeon
  5295 | D:4      | HP: 2/49 [black bear (5)]
  5297 | D:4      | Slain by a black bear

Illustrated notes

Levels and vault maps discovered:
D:1:      dpeg_arrival_orchard, layout_loops_corners,
          hellmonk_ecumenical_altar_zigzags, hangedman_feature_mirror
D:2:      layout_basic, serial_shops, shop
D:3:      layout_basic, old_standard_altar, nicolae_ru_the_path_less_chosen,
          eat_drink_and_be_merry_uskayaw, serial_shops,
          nicolae_shop_temple_entry_statues_fountains
D:4:      layout_loops_cross, overflow_temple_1_default, tso_oasis_becter,
          kennysheep_little_box, dk_noncrumbling_3, abandoned_shop,
          minmay_crystal_water, uniq_menkaure
D:5:      layout_cave_pools, kennysheep_mini_moat, serial_gnoll_camp,
          gnoll_camp_mini_loothouse, gnoll_camp_medium_01,
          gnoll_camp_huts_basic, gnoll_camp_mini_hut, gnoll_camp_mini_hut,
          enter_ossuary_1, uniq_sigmund, uniq_grinder

Skill      XL: |  1  2  3  4  5  6 |
---------------+-------------------+-----
Dodging        | 2 |  2.7
Axes           | 3 4 |  4.6
Fighting       | 4 |  4.5
Stealth        | 1 |  1.0
Armour         | 2 |  2.1

Action                   |  1- 3 |  4- 6 || total
-------------------------+-------+-------++-------
Melee: Hand axe          |   177 |   142 ||   319
Invok: Trog's Hand       |     1 |     7 ||     8
Evoke: Wand              |       |     1 ||     1
  Use: Scroll            |     2 |     3 ||     5
 Stab: Sleeping          |     1 |       ||     1
Armor: Animal skin       |    40 |    10 ||    50
       Scale mail        |       |    74 ||    74
Dodge: Dodged            |   137 |   100 ||   237

Table legend: (Time is in decaauts)
 A = Elapsed time spent in this place.
 B = Non-inter-level travel time spent in this place.
 C = Inter-level travel time spent in this place.
 D = Time resting spent in this place.
 E = Time spent auto-exploring this place.
 F = Levels seen in this place.
 G = Mean time per level.
                   A        B        C        D        E       F      G
               +--------+--------+--------+--------+--------+-----+--------+
         Total |   5339 |   5093 |    246 |    312 |   4020 |   5 | 1067.8 |
       Dungeon |   5339 |   5093 |    246 |    312 |   4020 |   5 | 1067.8 |
               +--------+--------+--------+--------+--------+-----+--------+

Top non-repeatable levels by time:
     D:2: 1464 daAuts
     D:3: 1426 daAuts
     D:4: 1228 daAuts
     D:1: 1174 daAuts
     D:5: 46 daAuts
